 Dungeon Crawl Stone Soup version 0.31-a0-267-g3fc6992b3b (webtiles) character file.

Game seed: 11788419728185189606

119 British0li the Sneak (level 4, 0/37 HPs)
             Began as a Demonspawn Delver on July 14, 2023.
             Slain by a rat (1 damage)
             ... in a sewer.
             The game lasted 00:01:34 (391 turns).

British0li the Sneak (Demonspawn Delver)             Turns: 391, Time: 00:01:35

Health: 0/37       AC:  3    Str: 14    XL:     4   Next: 73%
Magic:  4/4        EV: 12    Int: 12    God:
Gold:   0          SH:  0    Dex: 14    Spells: 3/3 levels left

rFire   . . .        a - +0 falchion
rCold   . . .        (no shield)
rNeg    . . .        b - +0 leather armour
rPois   .            (no helmet)
rElec   .            (no cloak)
rCorr   .            (no gloves)
SInv    .            (no boots)
Will    .....        (no amulet)
Stlth   +++          (no ring)
HPRegen 0.26/turn    (no ring)
MPRegen 0.09/turn

%: no passive effects
@: no status effects
A: demonic touch 2
a: no special abilities


You were in a sewer.
You visited 1 branch of the dungeon, and saw 1 of its levels.
You also visited: Sewer.

Inventory:

Hand Weapons
 a - a +0 falchion (weapon)
Armour
 b - a +0 leather armour (worn)
Wands
 g - a wand of digging (3)
Scrolls
 c - a scroll of fog
 e - a scroll of fear
Potions
 f - a potion of haste


   Skills:
 + Level 3.8 Fighting
 + Level 2.6 Long Blades
 + Level 0.3 Armour
 + Level 2.7 Dodging
 - Level 5.0 Stealth


You had 3 spell levels left.
You didn't know any spells.
Your spell library was empty.

Dungeon Overview and Level Annotations

Branches:
Dungeon (5/15)              Sewer (1/1)
 Temple: D:4-7

Altars:

Shops:
D:5 !


Innate Abilities, Weirdness & Mutations

Your touch may inflict irresistible damage on your foes.


Message History

* * * LOW HITPOINT WARNING * * *
The rat barely misses you. The river rat barely misses you.
The rat bites you but does no damage.
You barely miss the river rat.
The river rat is severely wounded.
The rat closely misses you. The rat barely misses you.
The rat closely misses you. The river rat misses you.
The rat bites you but does no damage.
You hit the river rat but do no damage.
The river rat is severely wounded.
The rat barely misses you. x2; The rat bites you but does no damage.
The river rat bites you but does no damage.
The rat bites you but does no damage.
You closely miss the river rat.
You touch the river rat.
You kill the river rat!
The rat bites you.
* * * LOW HITPOINT WARNING * * *
The rat barely misses you. The rat bites you.
* * * LOW HITPOINT WARNING * * *
The rat bites you.
* * * LOW HITPOINT WARNING * * *
You hit the rat.
You touch the rat.
You kill the rat!
The rat misses you. The rat closely misses you.
The rat bites you but does no damage. The rat barely misses you.
The rat misses you. The rat bites you but does no damage.
You barely miss the rat. The rat bites you.
* * * LOW HITPOINT WARNING * * *
The rat bites you but does no damage. The rat closely misses you.
The rat bites you but does no damage.
You barely miss the rat. Your touch misses the rat.
The rat bites you but does no damage. The rat closely misses you.
The rat completely misses you. The rat closely misses you.
The rat bites you but does no damage.
You closely miss the rat. The rat bites you.
* * * LOW HITPOINT WARNING * * *
The rat closely misses you. The rat bites you.
* * * LOW HITPOINT WARNING * * *
The rat bites you.
You die...

#####
######...######
##.......rr....##
##........@r.....#
#.......#.rr......
##......##+##......
#...††.## #.....
#.....## .~~~~
#≈≈~≈≈≈# ≈≈≈~
#≈≈~≈≈≈# ≈≈~
#≈~~~≈≈# ~~~
#≈≈≈~≈≈#


You could see 5 rats.

Vanquished Creatures
  A scorpion (D:5)
  A jelly (D:5)
  A river rat (Sewer)
  A worm (D:5)
  5 ball pythons (Sewer)
  13 rats
22 creatures vanquished.

Notes
Turn   | Place    | Note
-------+----------+-------------------------------------------
     0 | D:5      | British0li the Demonspawn Delver began the quest for the
                  | Orb.
     0 | D:5      | Reached XP level 1. HP: 18/18 MP: 1/1
    11 | D:5      | Noticed a jelly
    18 | D:5      | Killed a jelly
    19 | D:5      | Gained mutation: Your touch may inflict minor irresistible
                  | damage on your foes. [demonic ancestry]
    19 | D:5      | Reached XP level 2. HP: 15/24 MP: 2/2
    19 | D:5      | Reached XP level 3. HP: 18/29 MP: 3/3
    38 | D:5      | Noticed a scorpion
    47 | D:5      | Killed a scorpion
    48 | D:5      | Reached skill level 5 in Stealth
    48 | D:5      | Gained mutation: Your touch may inflict irresistible damage
                  | on your foes. [demonic ancestry]
    48 | D:5      | Reached XP level 4. HP: 9/36 MP: 4/4
    74 | D:5      | Found Daxu Tuz's Distillery.
   115 | D:5      | Found a glowing drain.
   125 | D:5      | Noticed an ogre
   127 | D:5      | Noticed an ogre
   128 | Sewer    | Entered a sewer
   391 | Sewer    | HP: 1/37 [rat (1)]
   391 | Sewer    | Slain by a rat

Illustrated notes

Levels and vault maps discovered:
D:5:      layout_cave_pods, portal_sewer_entry_a, serial_shops,
          nicolae_shop_waterfront, serial_park_tiny_1
Sewer:    sewer_minmay_w

Skill      XL: |  1  2  3 |
---------------+----------+-----
Long Blades    | 2 |  2.6
Dodging        | 2 |  2.7
Stealth        | 5 |  5.0
Fighting       | |  3.8
Armour         | |  0.3

Action                     |  1- 3 |  4- 6 || total
---------------------------+-------+-------++-------
  Melee: Falchion          |    10 |    46 ||    56
         Touch             |     2 |     7 ||     9
    Use: Scroll            |     1 |       ||     1
   Stab: Sleeping          |       |     1 ||     1
 Armour: Leather armour    |     3 |    30 ||    33
  Dodge: Dodged            |     5 |    77 ||    82

Table legend: (Time is in decaauts)
 A = Elapsed time spent in this place.
 B = Non-inter-level travel time spent in this place.
 C = Inter-level travel time spent in this place.
 D = Time resting spent in this place.
 E = Time spent auto-exploring this place.
 F = Levels seen in this place.
 G = Mean time per level.
                   A        B        C        D        E       F      G
               +--------+--------+--------+--------+--------+-----+--------+
         Total |    418 |    324 |     94 |    113 |     94 |   2 |  209.0 |
       Dungeon |    131 |     37 |     94 |      0 |      0 |   1 |  131.0 |
         Sewer |    287 |    287 |      0 |    113 |     94 |   1 |  287.0 |
               +--------+--------+--------+--------+--------+-----+--------+

Top non-repeatable levels by time:
   Sewer: 287 daAuts
     D:5: 131 daAuts
